 Dungeon Crawl Stone Soup version 0.28-a0-1555-g9ae15a6949 (webtiles) character file.

Game seed: 5705661425029908051

303 hashsling the Chopper (level 6, -2/51 HPs)
             Began as a Hill Orc Gladiator on Jan 18, 2022.
             Slain by an orc (6 damage)
             ... on level 4 of the Dungeon.
             The game lasted 00:09:29 (3940 turns).

hashsling the Chopper (Hill Orc Gladiator)          Turns: 3940, Time: 00:09:31

Health: -2/51      AC:  6    Str: 19    XL:     6   Next: 38%
Magic:  6/6        EV: 12    Int: 14    God:
Gold:   107        SH:  0    Dex: 12    Spells: 5/5 levels left

rFire   . . .      SeeInvis .   a - +0 war axe
rCold   . . .      Faith    .   (no shield)
rNeg    . . .      Spirit   .   s - +1 leather armour {rPois}
rPois   +          Reflect  .   c - +0 helmet
rElec   .          Harm     .   (no cloak)
rCorr   .          Rampage  .   (no gloves)
Will    .....                   e - +0 pair of boots
Stlth   +.........              (no amulet)
HPRegen 0.17/turn               i - +6 ring of intelligence
MPRegen 0.10/turn               (no ring)

@: confused
A: no striking features
a: no special abilities


You were on level 4 of the Dungeon.
You visited 1 branch of the dungeon, and saw 4 of its levels.

You collected 107 gold pieces.

Inventory:

Hand Weapons
 a - a +0 war axe (weapon)
Missiles
 d - 2 throwing nets (quivered)
Armour
 b - a +0 leather armour
 c - a +0 helmet (worn)
 e - a +0 pair of boots (worn)
 n - a +0 scale mail
 p - a +0 plate armour
 s - a +1 leather armour of poison resistance (worn)
 t - a +0 chain mail
Jewellery
 i - a +6 ring of intelligence (left hand)
 m - a ring of fire
Wands
 x - a wand of digging (3)
Scrolls
 f - a scroll of teleportation {unknown}
 j - a scroll of enchant weapon {unknown}
 l - a scroll of immolation {unknown}
 o - 3 scrolls of identify {unknown}
 q - a scroll of silence {unknown}
 v - a scroll of amnesia {unknown}
 w - a scroll of brand weapon {unknown}
Potions
 g - a potion of haste {unknown}
 h - 2 potions of curing {unknown}
 k - a potion of mutation {unknown}
 r - a potion of brilliance {unknown}
 u - a potion of resistance {unknown}


   Skills:
 + Level 3.3 Fighting
 * Level 7.5 Axes
 - Level 1.7 Throwing
 + Level 2.7 Armour
 - Level 3.0 Dodging


You had 5 spell levels left.
You didn't know any spells.
Your spell library contained the following spells:

 Spells                   Type           Power      Damage    Failure   Level
 Sting                    Tmut/Pois      0%         1d3       34%         1
 Poisonous Vapours        Pois/Air       0%         N/A       45%         2
 Animate Dead             Necr           0%         N/A       98%         4
 Olgreb's Toxic Radiance  Pois           0%         N/A       98%         4
 Borgnjor's Vile Clutch   Necr/Erth      0%         N/A       100%        5
 Conjure Ball Lightning   Conj/Air       0%         3x3d6     100%        6
 Death Channel            Necr           0%         N/A       100%        6
 Discord                  Hex            0%         N/A       100%        8
 Disjunction              Tloc           0%         N/A       100%        8


Dungeon Overview and Level Annotations

Branches:
Dungeon (4/15)
 Temple: D:4-7

Altars:

Shops:
D:1 ?


Message History

You slash something! The orc misses you. Something hits you but does no damage.
You miss something.
The orc hits you from afar with a +0 trident.
You hear some strange, mumbled words.
You are confused.
You bump into the rock wall.
The orc hits you from afar with a +0 trident.
Something hits you but does no damage.
You miss something.
The orc hits you from afar with a +0 trident.
Something hits you.
The orc hits you from afar with a +0 trident.
You bump into the rock wall.
You hear some strange, mumbled words.
You are more confused.
The orc barely misses you.
You're too confused to move!
Something hits you but does no damage. The orc closely misses you.
You bump into the rock wall.
Something hits you.
The orc hits you from afar with a +0 trident.
You bump into the rock wall.
Something hits you. The orc closely misses you.
You bump into the rock wall.
Something hits you. The orc completely misses you.
You bump into the rock wall.
Something hits you but does no damage.
The orc hits you from afar with a +0 trident.
You closely miss something.
You hear some strange, mumbled words.
A puff of flame appears from out of thin air!
The puff of flame hits you.
* * * LOW HITPOINT WARNING * * *
The orc closely misses you.
You bump into the rock wall.
Something hits you.
* * * LOW HITPOINT WARNING * * *
The orc hits you from afar with a +0 trident.
* * * LOW HITPOINT WARNING * * *
Non-targeted confused throw: 3 throwing nets
Press: ? - help, Q - select action Dir - look around, f - activate You throw a throwing net.
Something hits you but does no damage.
The orc hits you from afar with a +0 trident.
You die...

#########.#.###.#.........#
#######..o......#..)..#.##.######
.....##.###############.##.#
.###..#.########........##.#
.o........................>#
.####.#.#####.##)###########
#...# #.# ##..# #(# #..# #@# ##.#
#{# #..


.oo ##. #.... #..... ####### You could see 2 orcs.

Vanquished Creatures
  A water moccasin skeleton (D:4)
  2 orc priests
  An iguana (D:4)
  2 orc wizards
  An adder (D:2)
  3 gnolls (D:4)
  An adder skeleton (D:4)
  A worm (D:2)
  A dart slug (D:2)
  9 orcs
  7 ball pythons
  4 endoplasms
  2 giant cockroaches
  4 goblins
  4 hobgoblins
  3 jackals (D:2)
  A quokka (D:1)
  2 bats (D:1)
  5 frilled lizards
  5 kobolds
  6 rats
65 creatures vanquished.

Notes
Turn   | Place    | Note
-------+----------+-------------------------------------------
     0 | D:1      | hashsling the Hill Orc Gladiator began the quest for the
                  | Orb.
     0 | D:1      | Reached XP level 1. HP: 18/18 MP: 1/1
   347 | D:1      | Reached XP level 2. HP: 22/25 MP: 2/2
   391 | D:1      | Found Siezotun's Magic Scroll Shop.
   496 | D:1      | Reached skill level 5 in Axes
  1097 | D:2      | Reached XP level 3. HP: 30/30 MP: 3/3
  2216 | D:2      | Reached skill level 6 in Axes
  2216 | D:2      | Reached skill level 1 in Armour
  2216 | D:2      | Reached XP level 4. HP: 10/37 MP: 4/4
  2697 | D:3      | Reached XP level 5. HP: 42/42 MP: 5/5
  3192 | D:3      | Found a faded altar of an unknown god.
  3497 | D:4      | Reached skill level 7 in Axes
  3497 | D:4      | Reached XP level 6. HP: 18/51 MP: 6/6
  3940 | D:4      | Slain by an orc

Illustrated notes

Levels and vault maps discovered:
D:1:      amcnicky_arrival_blooded_trapdoor, layout_loops_corners, serial_shops,
          shop
D:2:      layout_loops_corners, chequers_serial_rivers_small_a,
          grunt_ministairs_14, minmay_increasing_density
D:3:      layout_basic, shapermc_ecumenical_altar_ellora,
          chequers_decorated_corner
D:4:      layout_basic, chequers_serial_rivers_micro_b, uniq_menkaure, uniq_ijyb

Skill      XL: |  1  2  3  4  5 |
---------------+----------------+-----
Axes           | 5 6 7 |  7.5
Armour         | 1 2 |  2.7
Dodging        | 3 |  3.0
Fighting       | 3 |  3.3
Throwing       | |  1.7

Action                   |  1- 3 |  4- 6 || total
-------------------------+-------+-------++-------
Melee: War axe           |   119 |    88 ||   207
       Punch             |     1 |       ||     1
Throw: Throwing net      |       |     2 ||     2
 Stab: Sleeping          |       |     1 ||     1
Armor: Leather armour    |    28 |    16 ||    44
       Scale mail        |    17 |       ||    17
Dodge: Dodged            |    79 |    52 ||   131

Table legend: (Time is in decaauts)
 A = Elapsed time spent in this place.
 B = Non-inter-level travel time spent in this place.
 C = Inter-level travel time spent in this place.
 D = Time resting spent in this place.
 E = Time spent auto-exploring this place.
 F = Levels seen in this place.
 G = Mean time per level.
                   A        B        C        D        E       F      G
               +--------+--------+--------+--------+--------+-----+--------+
         Total |   3983 |   3878 |    105 |    740 |   2450 |   4 |  995.8 |
       Dungeon |   3983 |   3878 |    105 |    740 |   2450 |   4 |  995.8 |
               +--------+--------+--------+--------+--------+-----+--------+

Top non-repeatable levels by time:
     D:2: 1666 daAuts
     D:1: 1013 daAuts
     D:3: 794 daAuts
     D:4: 509 daAuts
